 Dungeon Crawl Stone Soup version 0.29-a0-613-gf2c431b9b9 (webtiles) character file.

Game seed: 9695426306780584513

124771 TittyCrusher the Stormcaller (level 16, 136/136 HPs)
             Began as a Black Draconian Conjurer on June 4, 2022.
             Was the Champion of Vehumet.
             Quit the game on level 15 of the Dungeon on June 16, 2022.
             The game lasted 01:49:16 (29224 turns).

TittyCrusher the Stormcaller (DrCj)                Turns: 29224, Time: 01:49:16

Health: 136/136    AC: 15    Str: 10    XL:     16   Next: 40%
Magic:  34/34      EV: 14    Int: 41    God:    Vehumet [******]
Gold:   2463       SH: 13    Dex: 13    Spells: 4/44 levels left

rFire   + . .      SeeInvis +   a - +5 dagger (elec)
rCold   + . .      Faith    .   U - +3 buckler
rNeg    . . .      Spirit   .   (body armour unavailable)
rPois   +          Reflect  +   z - +2 hat {Int+3}
rElec   +          Harm     .   o - +2 cloak
rCorr   +          Rampage  .   (no gloves)
Will    +....                   J - +0 pair of boots "Uroatzom" {Regen+ rCorr}
Stlth   ++........              x - amulet of Finality {Reflect rC+ Slay+2 SH+5 SInv}
HPRegen 1.12/turn               A - +6 ring of intelligence
MPRegen 0.24/turn               X - ring of Wasusaqu {rElec rCorr Int+6 Dex+3}

@: flying
A: breathe lightning, AC +9, unfitting armour, big wings, electricity
resistance, cold-blooded, fire resistance 1, poison resistance
a: Breathe Lightning, Renounce Religion


You were on level 15 of the Dungeon.
You worshipped Vehumet.
Vehumet was exalted by your worship.
You visited 4 branches of the dungeon, and saw 24 of its levels.
You also visited: Ossuary, Gauntlet and Ice Cave.

You collected 2715 gold pieces.
You spent 252 gold pieces at shops.

Inventory:

Hand Weapons
 a - a +5 dagger of electrocution (weapon)
 I - the +4 shortbow of Uwneippu {flame, Str+5}
   (You found it in an ice cave)

   Any ammunition fired from it burns those it strikes, dealing additional fire
   damage.
   Str:       It affects your strength (+5).
 W - the +8 falchion of Ramiufat {holy, *Noise rC+++ rN++}
   (You took it off a boggart on level 14 of the Dungeon)

   It has been blessed by the Shining One to cause great damage to the undead
   and demons.
   rC:        It renders you almost immune to cold.
   rN:        It greatly protects you from negative energy.
   *Noise:    It may make noises in combat.
Missiles
 g - 19 javelins
 i - 671 stones
 n - 16 poisoned darts
Armour
 o - a +2 cloak (worn)
 z - a +2 hat of intelligence (worn)
 J - the +0 pair of boots "Uroatzom" (worn) {Regen+ rCorr}
   (You found it in a Gauntlet)

   Regen:     It increases your rate of health regeneration.
   rCorr:     It protects you from acid and corrosion.
 U - a +3 buckler (worn)
Magical Staves
 b - a staff of conjuration
 p - a staff of death
 O - a staff of cold
Jewellery
 x - the amulet of Finality (around neck) {Reflect rC+ Slay+2 SH+5 SInv}
   (You acquired it on level 10 of the Dungeon)

   [amulet of reflection]

   It reflects blocked missile attacks.
   Slay:      It affects your accuracy & damage with ranged weapons and melee
   (+2).
   rC:        It protects you from cold.
   SInv:      It lets you see invisible.
   SH:        It affects your SH (+5).
 y - an amulet of magic regeneration
 A - a +6 ring of intelligence (left hand)
 T - a +6 ring of intelligence
 X - the ring of Wasusaqu (right hand) {rElec rCorr Int+6 Dex+3}
   (You took it off a centaur on level 11 of the Dungeon)

   [ring of intelligence]

   Int:       It affects your intelligence (+6).
   Dex:       It affects your dexterity (+3).
   rElec:     It insulates you from electricity.
   rCorr:     It protects you from acid and corrosion.
Wands
 B - a wand of iceblast (23)
 F - a wand of charming (9)
 K - a wand of polymorph (20)
 M - a wand of digging (6)
 N - a wand of paralysis (12)
Scrolls
 f - 2 scrolls of torment
 h - 3 scrolls of poison
 k - 14 scrolls of teleportation
 l - 13 scrolls of identify
 s - 3 scrolls of magic mapping
 t - a scroll of immolation
 u - 3 scrolls of amnesia
 v - 4 scrolls of blinking
 w - 7 scrolls of fear
 R - a scroll of enchant armour
 S - 2 scrolls of fog
 V - a scroll of summoning
Potions
 c - 8 potions of flight
 d - 2 potions of invisibility
 e - 3 potions of haste
 j - 9 potions of curing
 q - 8 potions of cancellation
 r - 6 potions of lignification
 C - 6 potions of magic
 D - 6 potions of might
 E - 7 potions of mutation
 G - 3 potions of berserk rage
 H - 5 potions of attraction
 L - 2 potions of brilliance
 P - 3 potions of heal wounds
 Q - a potion of resistance


   Skills:
 - Level 10.6 Fighting
 - Level 9.0 Short Blades
 - Level 5.8 Dodging
 - Level 1.8 Stealth
 - Level 6.0 Shields
 - Level 14.9 Spellcasting
 - Level 8.9 Conjurations
 - Level 5.1 Hexes
 - Level 3.9 Translocations
 - Level 4.2 Ice Magic
 + Level 19.8 Air Magic


You had 4 spell levels left.
You knew the following spells:

 Your Spells              Type           Power      Damage    Failure   Level
a - Magic Dart            Conj           100%       1d8       1%          1
b - Mephitic Cloud        Conj/Pois/Air  83%        N/A       1%          3
c - Freezing Cloud        Conj/Ice/Air   44%        6-21      1%          5
d - Iskenderun's Mystic   Conj/Tloc      70%        2d14      1%          4
e - Wereblood             Tmut           31%        N/A       1%          2
f - Airstrike             Air            57%        N/A       0%          4
g - Lightning Bolt        Conj/Air       49%        1d70      1%          5
h - Yara's Violent Unrav  Hex/Tmut       25%        3d11      3%          5
i - Iskenderun's Battles  Conj           81%        2d13      1%          5
j - Conjure Ball Lightni  Conj/Air       49%        3x3d17    1%          6

Your spell library contained the following spells:

 Spells                   Type           Power      Damage    Failure   Level
 Beastly Appendage        Tmut           62%        N/A       1%          1
 Searing Ray              Conj           100%       2d8       1%          2
 Dazzling Flash           Conj/Hex       100%       N/A       1%          3
 Frozen Ramparts          Ice            100%       1d12      1%          3
 Ozocubu's Armour         Ice            60%        N/A       1%          3
 Stone Arrow              Conj/Erth      100%       3d13      1%          3
 Fulminant Prism          Conj/Hex       36%        3d18      1%          4
 Summon Lightning Spire   Summ/Air       84%        N/A       1%          4
 Spider Form              Tmut/Pois      30%        N/A       3%          3
 Ice Form                 Ice/Tmut       48%        N/A       5%          4
 Summon Ice Beast         Ice/Summ       48%        N/A       5%          4
 Silence                  Hex/Air        46%        N/A       1%          5
 Metabolic Englaciation   Hex/Ice        31%        N/A       5%          5
 Summon Mana Viper        Hex/Summ       51%        N/A       12%         5
 Summon Forest            Summ/Tloc      23%        N/A       16%         5
 Agony                    Necr           30%        N/A       34%         5
 Simulacrum               Ice/Necr       24%        N/A       63%         6
 Summon Cactus Giant      Summ           15%        N/A       89%         6
 Lehudib's Crystal Spear  Conj/Erth      30%        10d8      95%         8
 Animate Armour           Summ/Erth      Unusable   N/A       N/A         4

Dungeon Overview and Level Annotations

Branches:
Dungeon (15/15)            Temple (1/1) D:5            Lair (6/6) D:10
 Shoals (0/4) Lair:2       Spider (0/4) Lair:4        Slime (0/5) Lair:5
    Orc (2/2) D:11            Elf (0/3) Orc:2        Vaults (0/5) D:14
 Depths (0/4) D:15        Ossuary (visited)           IceCv (visited)
Gauntlet (visited)

Altars:
Ashenzari
Cheibriados
Elyvilon
Fedhas
Gozag
Makhleb
Okawaru
Sif Muna
Trog
Uskayaw
Vehumet
Wu Jian
Xom
Zin
The Shining One
Jiyva

Shops:
D:3 [   D:4 *   D:7 *   D:10 !   Orc:1 *   Orc:2 **?

Portals:
Trove: D:14 (give +6 demon blade)

Annotations:
D:2 1 runed translucent door, Crazy Yiuf
D:3 Grinder
Lair:2 2 transporters, tabacat's ghost, journeyman DrCj
Orc:1 2 transporters, Pooter's ghost, journeyman MiBe


Innate Abilities, Weirdness & Mutations

You can breathe wild blasts of lightning.
Your glossy black scales are hard. (AC +9)
You cannot fit into any form of body armour.
Your large and strong wings let you fly.
You are resistant to electric shocks. (rElec)
You are cold-blooded and may be slowed by cold attacks.
Your flesh is heat resistant. (rF+)
Your system is resistant to poisons. (rPois)


Message History

The brown ugly thing is severely wounded.
The brown ugly thing is engulfed in freezing vapours.
The brown ugly thing engulfs you.
You are splashed with acid.
You resist.
You puncture the brown ugly thing!
You kill the brown ugly thing!
Vehumet accepts your kill.
You start resting.
You carefully extract the barbed spikes from your body.
You start resting.
A green ugly thing is nearby!
The green ugly thing is engulfed in freezing vapours. x2
You block the green ugly thing's attack.
You barely miss the green ugly thing. You tail-slap the green ugly thing.
The green ugly thing is almost dead.
You closely miss the green ugly thing.
The green ugly thing is almost dead.
The green ugly thing is engulfed in freezing vapours.
You kill the green ugly thing!
Vehumet accepts your kill.
You start resting.
HP restored.
Things that are here:
an ugly thing corpse; an ugly thing corpse You see here an ugly thing corpse.
You see here an ugly thing corpse.
There is a stone staircase leading up here.
There is a stone staircase leading up here.
There is a stone staircase leading up here.
Key pressed, stopping explore.
Done exploring.
Done exploring.
Done exploring.
Done exploring.
Done exploring.
Unknown command.
Saving game... please wait.
Welcome back, TittyCrusher the Black Draconian Conjurer.
Vehumet says: Let it end in hellfire!
Press ? for a list of commands and other information.
Are you sure you want to abandon this character and quit the game? (Confirm with "yes".)

#.....# ######.#
##...## #......#
###.## #.######
#.#'# #.# #...#
#.# #.### #.# #.#
#.# #.#
###.########## ..#
#.....@......# )##
#.#.########.# )#
#.#.##### #.#
<########
#.#.....# #.#
........#
#.#####.# #.#
.######.###.## #.#
#.# .#
#.##.#.####.# #.#
.# #...###.....#
#^# ##
####.#.#########.#


There were no monsters in sight!

Vanquished Creatures
  Saint Roka (Orc:2)
  Gastronok (D:10)
  Kirke (Lair:6)
  Nessos (D:12)
  A minotaur (Gauntlet)
  A dire elephant (shapeshifter) (D:15)
  Azrael (D:12)
  The ghost of Tynuabry the Destroyer, a journeyman DECj of Vehumet (Lair:5)
  2 ice dragons
  A vault guard (D:14)
  A great orb of eyes (D:15)
  Erolcha (Orc:2)
  2 ogre magi (Orc:2)
  3 boulder beetles
  2 centaur warriors (D:14)
  10 hydras
  13 two-headed ogres
  Erica (D:8)
  2 catoblepae
  Urug (Lair:5)
  6 death yaks (Lair:4)
  Amaemon (D:8)
  5 skeletal warriors (D:15)
  2 deep trolls (Orc:2)
  2 glowing orange brains (Gauntlet)
  3 lindwurms (Lair:6)
  Pikel (D:4)
  A phantasmal warrior (D:14)
  A harpy (shapeshifter) (D:14)
  2 wolf spiders (Lair:6)
  5 cyclopes
  4 deep elf pyromancers
  An orc knight (D:15)
  23 ugly things
  2 orc sorcerers (Orc:2)
  4 manticores
  18 elephants
  A guardian serpent (Lair:6)
  Maurice (D:8)
  12 black mambas
  An orange demon (D:8)
  3 ice statues (IceCv)
  6 torpor snails
  2 gargoyles (D:12)
  4 rime drakes
  13 cane toads
  An unseen horror (shapeshifter) (D:15)
  8 komodo dragons
  2 kobold demonologists
  A freezing wraith (IceCv)
  A tengu conjurer (D:14)
  An efreet (Gauntlet)
  A queen bee (shapeshifter) (D:14)
  14 trolls
  A queen bee (Gauntlet)
  3 tyrant leeches (Lair:6)
  2 polar bears
  9 hornets (Lair:6)
  10 dream sheep
  A raiju (shapeshifter) (D:14)
  17 blink frogs
  9 slime creatures
  Sigmund (D:4)
  A culicivora (Lair:4)
  A shadow (D:11)
  4 fire elementals
  16 wyverns
  67 yaks
  Eustachio (D:4)
  5 hogs (Lair:6)
  Grum (D:10)
  A vampire (D:11)
  4 redbacks
  10 vampire mosquitoes
  7 basilisks
  2 wraiths
  A death yak simulacrum (IceCv)
  2 wargs
  2 harpy simulacra (IceCv)
  22 water moccasins
  7 hell hounds
  Duvessa (D:5)
  19 orc warriors
  4 black bears
  2 ice beasts
  20 ogres
  6 wolves
  A sky beast (D:8)
  3 boggarts (D:14)
  10 centaurs
  4 lemures (D:4)
  14 bullfrogs
  5 scorpions
  A necrophage (D:6)
  3 wights (D:9)
  Dowan (D:5)
  25 killer bees
  2 elephant simulacra (IceCv)
  2 electric eels (Lair:4)
  7 howler monkeys
  10 orc priests
  A hound (D:5)
  A jelly (D:5)
  A gnoll shaman (D:6)
  17 hell rats
  Ijyb (D:3)
  Natasha (twice) (D:3)
  4 iguanas
  18 orc wizards
  A polar bear simulacrum (IceCv)
  A wolf simulacrum (IceCv)
  A mummy (Ossuary)
  6 adders
  10 gnolls
  2 ufetubi
  A worm (D:3)
  2 dart slugs
  62 orcs
  7 ball pythons
  7 endoplasms
  6 giant cockroaches
  5 goblins
  6 hobgoblins
  15 jackals
  5 quokkas
  5 bats
  2 frilled lizards (D:3)
  6 gnoll skeletons (Ossuary)
  7 kobolds
  4 kobold skeletons (Ossuary)
  15 orc skeletons (Ossuary)
  4 rats
772 creatures vanquished.

Vanquished Creatures (collateral kills)
  2 wolves (D:10)
  An orc (D:10)
  4 ball lightnings (Orc:2)
7 creatures vanquished.

Vanquished Creatures (others)
  A human (Lair:6)
  15 ball lightnings (Orc:2)
  2 bushes (Lair:6)
  17 fulminant prisms
  29 fungi
  120 plants
184 creatures vanquished.

Grand Total: 963 creatures vanquished

Notes
Turn   | Place    | Note
-------+----------+-------------------------------------------
     0 | D:1      | TittyCrusher the Draconian Conjurer began the quest for the
                  | Orb.
     0 | D:1      | Reached XP level 1. HP: 14/14 MP: 3/3
   264 | D:1      | Reached XP level 2. HP: 20/20 MP: 0/5
   267 | D:1      | Learned a level 2 spell: Searing Ray
  1002 | D:1      | Reached XP level 3. HP: 24/26 MP: 2/7
  1859 | D:2      | Found a runed translucent door.
  1860 | D:2      | Noticed Crazy Yiuf
  2615 | D:3      | Reached XP level 4. HP: 33/33 MP: 4/9
  2691 | D:3      | Found Gamiewnuo's Armour Emporium.
  2712 | D:3      | Noticed a scorpion
  2737 | D:3      | Killed a scorpion
  2852 | D:3      | Noticed Grinder
  2853 | D:3      | Found an ornate altar of the Wu Jian Council.
  2926 | D:3      | Reached XP level 5. HP: 38/38 MP: 7/12
  2932 | D:3      | Learned a level 4 spell: Fulminant Prism
  2937 | D:3      | Learned a level 4 spell: Iskenderun's Mystic Blast
  3066 | D:3      | Found an opulent altar of Gozag.
  3328 | D:3      | Noticed Natasha
  3332 | D:3      | Killed Natasha
  3384 | D:3      | Found a faded altar of an unknown god.
  3443 | D:3      | Noticed Ijyb
  3465 | D:3      | Killed Ijyb
  3586 | D:3      | Found a blossoming altar of Fedhas.
  3697 | D:4      | Noticed a lemure
  3697 | D:4      | Noticed a lemure
  3707 | D:3      | Noticed Natasha
  3711 | D:3      | Killed Natasha
  3712 | D:3      | Reached skill level 5 in Conjurations
  3822 | D:4      | Noticed Sigmund
  3836 | D:4      | Killed Sigmund
  3837 | D:4      | Reached XP level 6. HP: 34/45 MP: 4/13
  4336 | D:4      | Noticed Pikel
  4361 | D:4      | Killed Pikel
  4362 | D:4      | Your scales start taking on a glossy black colour.
  4362 | D:4      | Reached XP level 7. HP: 48/50 MP: 1/14
  4362 | D:4      | Gained mutation: You are resistant to electric shocks.
                  | (rElec) [Black Draconian growth]
  4480 | D:4      | Found Nylem's General Store.
  4832 | D:4      | Found a shimmering altar of Xom.
  4838 | D:4      | Found a shimmering altar of Xom.
  4838 | D:4      | Found a bloodstained altar of Trog.
  4841 | D:4      | Found a bloodstained altar of Trog.
  4841 | D:4      | Found a bloodstained altar of Trog.
  4841 | D:4      | Found a sparkling altar of Nemelex Xobeh.
  4977 | D:4      | Gained mutation: Your system is resistant to poisons.
                  | (rPois) [potion of mutation]
  4977 | D:4      | Gained mutation: Your large and strong wings let you fly.
                  | [potion of mutation]
  4977 | D:4      | Gained mutation: Your flesh is heat resistant. (rF+)
                  | [potion of mutation]
  4992 | D:5      | Entered Level 5 of the Dungeon
  5044 | D:5      | Noticed Eustachio
  5123 | D:4      | Killed Eustachio
  5124 | D:4      | Reached XP level 8. HP: 40/57 MP: 10/15
  5219 | D:5      | Found Feicaen's Magic Scroll Boutique.
  5242 | D:5      | Found a staircase to the Ecumenical Temple.
  5258 | Temple   | Entered the Ecumenical Temple
  5368 | Temple   | Became a worshipper of Vehumet
  5428 | D:5      | Bought a scroll of blinking for 90 gold pieces
  5428 | D:5      | Bought a scroll of fear for 42 gold pieces
  5431 | D:5      | Bought a scroll of identify for 24 gold pieces
  5431 | D:5      | Bought a scroll of identify for 24 gold pieces
  5456 | D:5      | Noticed Dowan
  5458 | D:5      | Noticed Duvessa
  5468 | D:5      | Killed Duvessa
  5502 | D:5      | Killed Dowan
  5709 | D:5      | Reached skill level 5 in Hexes
  5859 | D:5      | Reached skill level 1 in Translocations
  5964 | D:5      | Bought a scroll of teleportation for 36 gold pieces
  5964 | D:5      | Bought a scroll of teleportation for 36 gold pieces
  6033 | D:6      | Reached * piety under Vehumet
  6033 | D:6      | Offered knowledge of Freeze by Vehumet.
  6422 | D:6      | Reached skill level 1 in Fighting
  6422 | D:6      | Reached XP level 9. HP: 58/64 MP: 16/16
  6913 | D:7      | Found an iron altar of Okawaru.
  6945 | D:7      | Learned a level 2 spell: Wereblood
  6951 | D:7      | Found Qobraig's Serpentskin Sales.
  7169 | D:7      | Learned a level 4 spell: Airstrike
  7556 | D:7      | Offered knowledge of Sandblast by Vehumet.
  7557 | D:7      | Reached skill level 5 in Spellcasting
  7558 | D:7      | Reached ** piety under Vehumet
  7821 | D:8      | Noticed a seven-headed hydra
  7879 | D:8      | Found a snail-covered altar of Cheibriados.
  7879 | D:8      | Noticed Maurice
  7890 | D:8      | Killed Maurice
  7948 | D:8      | Noticed a +0 dagger
  7948 | D:8      | Noticed a +0 short sword
  7948 | D:8      | Noticed a +0 falchion
  7948 | D:8      | Noticed a +0 spear
  7948 | D:8      | Noticed a +0 spear
  7948 | D:8      | Noticed a +0 short sword
  7948 | D:8      | Noticed a +0 dagger
  7949 | D:8      | Noticed a +0 falchion
  7956 | D:8      | Found a hide-covered altar of Uskayaw.
  8038 | D:8      | Found a sand-covered staircase.
  8047 | Ossuary  | Entered an ossuary
  8308 | Ossuary  | Offered knowledge of Conjure Flame by Vehumet.
  8320 | Ossuary  | Learned a level 5 spell: Lightning Bolt
  8385 | Ossuary  | Reached skill level 2 in Air Magic
  8464 | D:8      | Killed a seven-headed hydra
  8465 | D:8      | Reached skill level 5 in Air Magic
  8465 | D:8      | Reached XP level 10. HP: 23/80 MP: 20/20
  8737 | D:8      | Noticed Erica
  8741 | D:8      | Killed Erica
  8742 | D:8      | Reached skill level 7 in Air Magic
  8946 | D:8      | Reached *** piety under Vehumet
  9074 | D:8      | Noticed Amaemon
  9074 | D:8      | Noticed an orange demon
  9091 | D:8      | Killed an orange demon
  9092 | D:8      | Reached skill level 8 in Air Magic
  9150 | D:8      | Killed Amaemon
  9151 | D:8      | Reached skill level 9 in Air Magic
  9952 | D:9      | Reached skill level 10 in Air Magic
 10219 | D:9      | Offered knowledge of Mephitic Cloud by Vehumet.
 10228 | D:9      | Learned a level 3 spell: Mephitic Cloud
 11135 | D:10     | Entered Level 10 of the Dungeon
 11135 | D:10     | Found Mefrem's Distillery.
 11174 | D:10     | Reached skill level 1 in Short Blades
 11364 | D:10     | You are sucked into a shaft and drop 2 floors!
 11381 | D:12     | Noticed a deep elf pyromancer
 11386 | D:12     | Killed a deep elf pyromancer
 11387 | D:12     | Reached XP level 11. HP: 71/85 MP: 6/21
 11515 | D:12     | Noticed Azrael
 11524 | D:12     | Killed Azrael
 11525 | D:12     | Reached skill level 5 in Short Blades
 11533 | D:12     | Reached **** piety under Vehumet
 11733 | D:11     | Noticed a two-headed ogre
 11736 | D:11     | Killed a two-headed ogre
 11748 | D:11     | Found a frozen archway.
 11761 | D:11     | Found a staircase to the Orcish Mines.
 11789 | D:11     | Identified the ring of Wasusaqu {rElec rCorr Int+6 Dex+3}
 11803 | D:11     | Noticed a boulder beetle
 11813 | IceCv    | Entered an ice cave
 11819 | IceCv    | Offered knowledge of Freezing Cloud by Vehumet.
 11890 | IceCv    | Noticed a white ugly thing
 11893 | IceCv    | Killed a white ugly thing
 12817 | IceCv    | Identified the +4 shortbow of Uwneippu {flame, Str+5}
 12864 | D:11     | Killed a boulder beetle
 13006 | D:10     | Found a staircase to the Lair.
 13062 | D:10     | Identified a scroll of acquirement
 13062 | D:10     | Acquired the amulet of Finality {Reflect rC+ Slay+2 SH+5
                  | SInv}
 13087 | D:10     | Noticed Gastronok
 13089 | D:10     | Noticed Grum
 13098 | D:10     | Reached skill level 1 in Shields
 13099 | D:10     | Killed Grum
 13120 | D:11     | Noticed a two-headed ogre
 13125 | D:11     | Noticed a two-headed ogre
 13127 | D:11     | Killed a two-headed ogre
 13136 | D:11     | Noticed a soul eater
 13331 | D:11     | Reached XP level 12. HP: 92/92 MP: 8/22
 13465 | D:11     | Killed a two-headed ogre
 13466 | D:11     | Reached skill level 5 in Shields
 14311 | D:10     | Reached skill level 5 in Dodging
 14311 | D:10     | Killed Gastronok
 14334 | D:10     | Learned a level 5 spell: Freezing Cloud
 14450 | D:10     | Reached skill level 1 in Ice Magic
 14554 | D:10     | Found a glowing silver altar of Zin.
 14562 | D:10     | Found a white marble altar of Elyvilon.
 14569 | D:10     | Found a burning altar of Makhleb.
 14958 | D:12     | Noticed Nessos
 14978 | D:12     | Killed Nessos
 14978 | D:12     | Reached ***** piety under Vehumet
 15294 | Lair:1   | Entered Level 1 of the Lair of Beasts
 15299 | Lair:1   | Found a gate leading to a gauntlet.
 15318 | Gauntlet | Entered a Gauntlet
 15318 | Gauntlet | Found a transporter.
 15318 | Gauntlet | Found a transporter.
 15338 | Gauntlet | Found a transporter.
 15338 | Gauntlet | Found a transporter.
 15348 | Gauntlet | Found a transporter.
 15352 | Gauntlet | Found a transporter.
 15364 | Gauntlet | Found a transporter.
 15384 | Gauntlet | Found a transporter.
 15401 | Gauntlet | Found a transporter.
 15405 | Gauntlet | Found a transporter.
 15415 | Gauntlet | Found a transporter.
 15419 | Gauntlet | Found a transporter.
 15749 | Gauntlet | Offered knowledge of Eringya's Noxious Bog by Vehumet.
 15963 | Gauntlet | Identified the +0 pair of boots "Uroatzom" {Regen+ rCorr}
 16078 | Gauntlet | Noticed a minotaur
 16080 | Gauntlet | Killed a minotaur
 16114 | Gauntlet | Identified the +0 leather armour of Beogh's Favour {Dex+2}
 16327 | Lair:1   | Reached XP level 13. HP: 99/99 MP: 23/26
 16961 | Lair:2   | Reached skill level 5 in Fighting
 16980 | Lair:2   | Found a transporter.
 16984 | Lair:2   | Found a transporter.
 17004 | Lair:2   | Noticed tabacat's ghost (journeyman DrCj)
 17158 | Lair:2   | Found a staircase to the Shoals.
 17953 | Lair:3   | Reached skill level 10 in Fighting
 18602 | Lair:4   | Reached skill level 10 in Spellcasting
 19161 | Lair:4   | Offered knowledge of Yara's Violent Unravelling by Vehumet.
 19297 | Lair:4   | Mutation became permanent: Your large and strong wings let
                  | you fly. [Black Draconian growth]
 19297 | Lair:4   | Gained mutation: Your large and strong wings let you fly.
                  | [Black Draconian growth]
 19297 | Lair:4   | Reached XP level 14. HP: 88/122 MP: 29/29
 19391 | Lair:4   | Found a hole to the Spider Nest.
 20069 | Lair:5   | Found a runed translucent door.
 20070 | Lair:5   | Noticed Tynuabry's ghost (journeyman DECj)
 20171 | Lair:5   | Found a viscous altar of Jiyva.
 20172 | Lair:5   | Found a staircase to the Slime Pits.
 20430 | Lair:5   | Learned a level 5 spell: Yara's Violent Unravelling
 20563 | Lair:5   | Noticed Urug
 20573 | Lair:5   | Killed Urug
 20918 | Lair:5   | Killed Tynuabry's ghost
 21024 | Lair:6   | Entered Level 6 of the Lair of Beasts
 21674 | Lair:6   | Reached skill level 11 in Air Magic
 21966 | Lair:6   | Offered knowledge of Iskenderun's Battlesphere by Vehumet.
 22045 | Lair:6   | Learned a level 5 spell: Iskenderun's Battlesphere
 22067 | Lair:6   | Reached skill level 12 in Air Magic
 22097 | Lair:6   | Reached XP level 15. HP: 128/128 MP: 25/33
 22636 | Lair:6   | Found a runed translucent door.
 22655 | Lair:6   | Noticed Kirke
 22657 | Lair:6   | Reached skill level 13 in Air Magic
 22661 | Lair:6   | Killed Kirke
 22984 | Lair:6   | Reached skill level 14 in Air Magic
 23453 | Orc:1    | Entered Level 1 of the Orcish Mines
 23640 | Orc:1    | Noticed Pooter's ghost (journeyman MiBe)
 23730 | Orc:1    | Found a transporter.
 23739 | Orc:1    | Found a transporter.
 23908 | Orc:1    | Found Qiros's General Store.
 24084 | Orc:2    | Entered Level 2 of the Orcish Mines
 24248 | Orc:2    | Noticed Saint Roka
 24254 | Orc:2    | Offered knowledge of Conjure Ball Lightning by Vehumet.
 24256 | Orc:2    | Killed Saint Roka
 24257 | Orc:2    | Reached skill level 15 in Air Magic
 24279 | Orc:2    | Noticed Erolcha
 24293 | Orc:2    | Killed Erolcha
 24566 | Orc:2    | Learned a level 6 spell: Conjure Ball Lightning
 24602 | Orc:2    | Reached skill level 16 in Air Magic
 24701 | Orc:2    | Reached ****** piety under Vehumet
 24907 | Orc:2    | Found Kiall's Assorted Antiques.
 24927 | Orc:2    | Found Kionlax's Magic Scroll Boutique.
 24927 | Orc:2    | Found Miruimye's Magic Scroll Shoppe.
 24936 | Orc:2    | Found Nein's Assorted Antiques.
 25076 | Orc:2    | Found a staircase to the Elven Halls.
 25420 | D:12     | Reached skill level 17 in Air Magic
 27210 | D:14     | Found a radiant altar of Vehumet.
 27211 | D:14     | Identified the +8 falchion of Ramiufat {holy, *Noise rC+++
                  | rN++}
 27489 | D:14     | Reached XP level 16. HP: 133/136 MP: 30/34
 27581 | D:14     | Reached skill level 18 in Air Magic
 27724 | D:14     | Found a gate to the Vaults.
 27803 | D:14     | Found a portal to a secret trove of treasure.
 27911 | D:15     | Entered Level 15 of the Dungeon
 28134 | D:15     | Noticed a storm dragon
 28134 | D:15     | a catoblepas changed into a storm dragon
 28136 | D:15     | a storm dragon changed into an eight-headed hydra
 28149 | D:15     | Upgraded the game from 0.29-a0-542-g075992c915 to
                  | 0.29-a0-553-g81b289dbe5
 28408 | D:15     | Reached skill level 19 in Air Magic
 28945 | D:15     | Found a staircase to the Depths.
 29055 | D:15     | Found a blossoming altar of Fedhas.
 29224 | D:15     | Upgraded the game from 0.29-a0-553-g81b289dbe5 to
                  | 0.29-a0-613-gf2c431b9b9
 29224 | D:15     | Quit the game

Illustrated notes

Levels and vault maps discovered:
D:1:      dpeg_arrival_oval, layout_loops_corners
D:2:      layout_loops_ring, uniq_crazy_yiuf_cottage
D:3:      layout_loops_ring, mainiacjoe_overflow_alcove_4, marbit_many_paths,
          mainiacjoe_overflow_six_doors_small, serial_shops, nicolae_shop_stone,
          shapermc_ecumenical_altar_mp_ritualfount, uniq_natasha, uniq_grinder,
          uniq_ijyb
D:4:      layout_loops_ring, doesnt_xom_only_xom, serial_shops,
          kennysheep_little_box, uniq_pikel, uniq_sigmund
D:5:      nicolae_cairo_tiling_large_dashed, layout_cave_pools,
          minmay_temple_entry_offerings, nicolae_stop_n_shop_1, uniq_eustachio,
          uniq_duvessa
D:6:      layout_basic
D:7:      layout_gridville, okawaru_altar_gauntlet_db, guppyfry_shop_venom
D:8:      layout_loops_ring, mainiacjoe_overflow_24_doors,
          nicolae_uskayaw_en_pointe, nicolae_ossuary_entry_ruins,
          kennysheep_generic_room_6, uniq_maurice, uniq_erica, uniq_amaemon
D:9:      layout_basic, chequers_mini_garden, minmay_misc_feat_tiny
D:10:     layout_basic, minmay_overflow_temple_star_quad, dpeg_oklobed_lair,
          serial_shops, nicolae_stop_n_shop_2, uniq_gastronok, uniq_grum
D:11:     minmay_octagon_keep, layout_cross, orc_0_dummy,
          portal_ice_cave_entry_pillars_2
D:12:     layout_long_grid, uniq_azrael, uniq_nessos
D:13:     layout_roguey, amcnicky_mini_pool_small
D:14:     layout_roguey, david_vaults_4, nicolae_vehumet_altar_sigil,
          enter_trove_6
D:15:     gammafunk_enter_depths_forms, layout_loops_ring,
          fedhas_altar_fruit_tree
Temple:   minmay_temple_forest_path
Lair:1:   layout_loops_ring, gauntlet_entry_generic
Lair:2:   layout_hall_layers, shoals_dummy_entry,
          gammafunk_ghost_wrathful_warriors, infiniplex_staircase_pool_2
Lair:3:   layout_chaotic_city, grunt_megastairs_3
Lair:4:   layout_cave_pods, spider_nest_entry_funnel_web, serial_bayou_shore_a
Lair:5:   layout_big_grid, slime_altar_1, hellmonk_ghost_happy_afterlife,
          lemuel_fruit_tree, grunt_megastairs_2, uniq_urug
Lair:6:   hangedman_lair_tendril_chambers, layout_cave_pods, wormcave,
          uniq_kirke
Orc:1:    layout_caves, gammafunk_ghost_arena, serial_shops,
          nicolae_shop_hallway_stairs
Orc:2:    st_orc_open, layout_diamond_mine, uniq_erolcha, uniq_saint_roka

Skill      XL: |  1  2  3  4  5  6  7  8  9 10 11 12 13 14 15 16 |
---------------+-------------------------------------------------+-----
Spellcasting   | 3 4 7 9 11 14 | 14.9
Conjurations   | 6 8 |  8.9
Hexes          | 2 5 |  5.1
Translocations | 3 |  3.9
Fighting       | 1 4 10 | 10.6
Air Magic      | 5 10 12 17 19 | 19.8
Short Blades   | 3 9 |  9.0
Dodging        | 3 5 |  5.8
Shields        | 4 6 |  6.0
Ice Magic      | 4 |  4.2
Stealth        | |  1.8

Action                   |  1- 3 |  4- 6 |  7- 9 | 10-12 | 13-15 | 16-18 || total
-------------------------+-------+-------+-------+-------+-------+-------++-------
Melee: Dagger            |     3 |       |    75 |   317 |   160 |    44 ||   599
       Rapier            |     6 |     8 |       |       |       |       ||    14
       Whip              |       |       |    49 |       |       |       ||    49
       Tailslap          |       |       |    13 |    50 |    44 |    16 ||   123
       Punch             |       |       |     2 |     3 |       |       ||     5
       Staff             |       |       |       |     3 |   107 |    12 ||   122
 Cast: Magic Dart        |    79 |    35 |   108 |     6 |       |       ||   228
       Searing Ray       |     4 |    18 |    17 |       |       |       ||    39
       Fulminant Prism   |       |       |    16 |     1 |       |       ||    17
       Wereblood         |       |       |     4 |    10 |    13 |     1 ||    28
       Airstrike         |       |       |       |    75 |    72 |    16 ||   163
       Lightning Bolt    |       |       |       |   135 |    12 |    36 ||   183
       Mephitic Cloud    |       |       |       |    10 |     1 |     1 ||    12
       Freezing Cloud    |       |       |       |     3 |   187 |     9 ||   199
       Conjure Ball Ligh |       |       |       |       |    10 |       ||    10
 Abil: Breathe Lightning |       |       |     6 |     7 |       |       ||    13
Evoke: Wand              |       |     1 |     7 |    17 |     2 |     5 ||    32
  Use: Scroll            |     3 |     2 |    12 |    16 |     5 |     2 ||    40
       Potion            |       |     2 |     2 |    10 |       |       ||    14
Armor: Skin              |     4 |    18 |    83 |   107 |    73 |    17 ||   302
Dodge: Dodged            |    12 |    21 |   138 |   189 |   119 |    19 ||   498
Block: Buckler           |       |       |       |    71 |   162 |    40 ||   273
       Reflection        |       |       |       |     2 |     8 |       ||    10

Table legend: (Time is in decaauts)
 A = Elapsed time spent in this place.
 B = Non-inter-level travel time spent in this place.
 C = Inter-level travel time spent in this place.
 D = Time resting spent in this place.
 E = Time spent auto-exploring this place.
 F = Levels seen in this place.
 G = Mean time per level.
                   A        B        C        D        E       F      G
               +--------+--------+--------+--------+--------+-----+--------+
         Total |  29056 |  27945 |   1111 |   5034 |  17276 |  27 | 1076.1 |
       Dungeon |  17660 |  16880 |    780 |   2979 |  10910 |  15 | 1177.3 |
        Temple |    159 |    110 |     49 |      0 |     97 |   1 |  159.0 |
          Lair |   7294 |   7059 |    235 |    680 |   5017 |   6 | 1215.7 |
  Orcish Mines |   1724 |   1678 |     46 |    168 |   1115 |   2 |  862.0 |
       Ossuary |    404 |    404 |      0 |    205 |      0 |   1 |  404.0 |
      Ice Cave |   1030 |   1030 |      0 |    748 |      0 |   1 | 1030.0 |
      Gauntlet |    782 |    782 |      0 |    254 |    137 |   1 |  782.0 |
               +--------+--------+--------+--------+--------+-----+--------+

Top non-repeatable levels by time:
  Lair:6: 2328 daAuts
     D:8: 1732 daAuts
     D:1: 1565 daAuts
  Lair:4: 1448 daAuts
     D:4: 1421 daAuts
    D:12: 1420 daAuts
    D:11: 1275 daAuts
     D:3: 1268 daAuts
    D:14: 1231 daAuts
    D:15: 1166 daAuts
     D:9: 1096 daAuts
  Lair:5: 1090 daAuts
   Orc:2: 1090 daAuts
    D:10: 1079 daAuts
     D:7: 1060 daAuts
